[Event "Titled Tuesday Blitz March 08 Early 2022"]
[White "Bures, Vit"]
[Black "Rodchenkov, Sergey D."]
[WhiteFideId "309052"]
[BlackFideId "4168712"]
[WhiteElo "2118"]
[BlackElo "2306"]
[Result "0-1"]
[Round "10"]
[TimeControl "180+1"]
[Date "2022.03.09"]
[WhiteClock "0:00:01"]
[BlackClock "0:00:20"]

1. d4 Nf6 2. c4 e6 3. Nc3 Bb4 4. e3 O-O 5. Ne2 d5 6. a3 Be7 7. cxd5 exd5 8. Nf4 Re8 9. Bd3 Bd6 10. O-O c6 11. f3 b6 12. Kh1 Ba6 13. e4 Bxd3 14. Qxd3 Bc7 15. e5 Nfd7 16. Bd2 Nf8 17. Rae1 Nbd7 18. Nh5 g6 19. Ng3 f5 20. Nxf5 gxf5 21. Qxf5 Re6 22. Bg5 Qe8 23. f4 Qh5 24. Rf3 Rae8 25. Rg3 Kh8 26. b4 Qg6 27. Qh3 Bxe5 28. dxe5 Nxe5 29. fxe5 Rxe5 30. Rf1 Re1 31. Rf3 Rxf1+ 32. Rxf1 Qxg5 33. Qf3 Ng6 34. h3 Qe5 35. Qf7 Qe7 36. Qxe7 Rxe7 37. Ne2 Rxe2 38. Rf7 Re7 0-1


[Site "https://www.chess.com"]

[Event "Titled Tuesday Blitz March 08 Early 2022"]
[White "Buscar, Michael"]
[Black "Polster, Christian"]
[WhiteFideId "2603616"]
[BlackFideId "12965081"]
[WhiteElo "2010"]
[BlackElo "2273"]
[Result "0-1"]
[Round "10"]
[TimeControl "180+1"]
[Date "2022.03.09"]
[WhiteClock "0:02:03"]
[BlackClock "0:01:22"]

1. c4 e6 2. Nf3 d5 3. g3 d4 4. Bg2 c5 5. e3 Nc6 6. exd4 cxd4 7. d3 Nf6 8. O-O Bd6 9. Na3 O-O 10. Nc2 e5 11. Rb1 a5 12. b3 Nd7 13. Ba3 Bxa3 14. Nxa3 Nc5 15. Nb5 Bf5 16. Ne1 Nb4 17. f4 Nbxd3 18. fxe5 Bg6 19. Nxd3 Bxd3 20. Rf4 Bxb1 21. Rxd4 Qg5 22. Qxb1 Qe3+ 0-1


[Site "https://www.chess.com"]

[Event "Titled Tuesday Blitz March 08 Early 2022"]
[White "Butti, Enrique"]
[Black "Prohorov, Olexandr"]
[WhiteFideId "3700470"]
[BlackFideId "14105578"]
[WhiteElo "2080"]
[BlackElo "1993"]
[Result "0-1"]
[Round "10"]
[TimeControl "180+1"]
[Date "2022.03.09"]
[WhiteClock "0:00:22"]
[BlackClock "0:02:10"]

1. Nf3 c5 2. c4 Nc6 3. g3 g6 4. Bg2 Bg7 5. Nc3 Nf6 6. O-O O-O 7. d4 cxd4 8. Nxd4 d6 9. Nc2 Be6 10. b3 Rc8 11. Bb2 Qa5 12. Qd2 Ng4 13. h3 Nh6 14. Rfd1 Nf5 15. e4 Nfd4 16. Nxd4 Nxd4 17. Nd5 Qxd2 18. Nxe7+ Kh8 19. Rxd2 Rce8 20. Bxd4 Rxe7 21. Bxg7+ Kxg7 22. Rxd6 f5 23. e5 f4 24. g4 f3 25. Bf1 Bc8 26. Re1 h5 27. g5 h4 28. Rd5 Rf5 29. Kh2 Rxg5 30. e6 Kf6 31. Re3 Rxe6 32. Rxf3+ Rf5 33. Rfxf5+ gxf5 34. Bd3 Re1 35. Rxf5+ Bxf5 0-1


[Site "https://www.chess.com"]

[Event "Titled Tuesday Blitz March 08 Early 2022"]
[White "Chernomordik, Pavel"]
[Black "Perez Gormaz, Matias"]
[WhiteFideId "2804530"]
[BlackFideId "3406342"]
[WhiteElo "2249"]
[BlackElo "2327"]
[Result "0-1"]
[Round "10"]
[TimeControl "180+1"]
[Date "2022.03.09"]
[WhiteClock "0:00:01"]
[BlackClock "0:00:38"]

1. e4 c5 2. Nc3 d6 3. f4 Nc6 4. Nf3 g6 5. Bb5 Bd7 6. O-O Bg7 7. d3 e6 8. Bxc6 Bxc6 9. f5 gxf5 10. exf5 e5 11. Ne4 Qe7 12. c4 O-O-O 13. Bg5 f6 14. Be3 Nh6 15. Nfd2 b6 16. b4 cxb4 17. a3 d5 18. cxd5 Rxd5 19. Qc2 Kb7 20. axb4 Qd7 21. Qa2 Kb8 22. Bxh6 Rxd3 23. Bxg7 Qxg7 24. Rf2 Rhd8 25. Qe6 Bb7 26. Ra2 Bd5 27. Qxf6 Qxf6 28. Nxf6 Bxa2 29. Nde4 Rd1+ 30. Rf1 Rxf1+ 31. Kxf1 a5 32. bxa5 bxa5 33. Ke2 Bb1 34. Nc3 Bxf5 35. g4 Bg6 36. Nfe4 Rd4 37. Nc5 Rxg4 38. Nd7+ Ka7 39. Nxe5 Rh4 40. Nf3 Bh5 0-1


[Site "https://www.chess.com"]

[Event "Titled Tuesday Blitz March 08 Early 2022"]
[White "Chernov, Alexander A."]
[Black "Mohammadian, Mohammad"]
[WhiteFideId "4152492"]
[BlackFideId "12566055"]
[WhiteElo "1956"]
[BlackElo "1544"]
[Result "1-0"]
[Round "10"]
[TimeControl "180+1"]
[Date "2022.03.09"]
[WhiteClock "0:00:09"]
[BlackClock "0:00:06"]

1. e4 e5 2. Nf3 Nc6 3. Bb5 a6 4. Ba4 Nf6 5. O-O Be7 6. Re1 b5 7. Bb3 d6 8. a4 Bb7 9. c3 O-O 10. d3 Na5 11. Bc2 c5 12. Nbd2 Qc7 13. Nf1 Nc6 14. Ng3 g6 15. Bh6 Rfe8 16. Bb3 Bf8 17. Bd2 Bg7 18. Qe2 Ne7 19. h3 Nd7 20. Ng5 Rf8 21. axb5 axb5 22. Rxa8 Bxa8 23. Qf3 c4 24. dxc4 bxc4 25. Bc2 Nf6 26. h4 h6 27. Nh3 Qb6 28. Bc1 Qc7 29. h5 g5 30. Nxg5 hxg5 31. Bxg5 Nh7 32. Bc1 Qd7 33. h6 Nf6 34. hxg7 Kxg7 35. Bg5 Neg8 36. Nf5+ Kg6 37. Bxf6 Nxf6 38. Qg3+ Ng4 39. Qxg4+ Kf6 40. b3 Qc8 41. bxc4 Rg8 42. Qh4+ 1-0


[Site "https://www.chess.com"]

[Event "Titled Tuesday Blitz March 08 Early 2022"]
[White "Coto Mederos, Michel"]
[Black "Maksimovic, Bojan"]
[WhiteFideId "3508528"]
[BlackFideId "14408120"]
[WhiteElo "2427"]
[BlackElo "2448"]
[Result "1/2-1/2"]
[Round "10"]
[TimeControl "180+1"]
[Date "2022.03.09"]
[WhiteClock "0:00:07"]
[BlackClock "0:00:17"]

1. c4 Nf6 2. Nc3 d6 3. g3 e5 4. Bg2 Be7 5. e3 O-O 6. Nge2 c6 7. d4 Nbd7 8. O-O Qc7 9. e4 a6 10. a4 a5 11. h3 exd4 12. Nxd4 Nc5 13. Be3 Be6 14. Nxe6 fxe6 15. f4 e5 16. f5 Nfd7 17. Qc2 Qd8 18. Rad1 Kh8 19. Rf2 Bg5 20. Qd2 Bxe3 21. Qxe3 Nb6 22. Bf1 Nbxa4 23. Nxa4 Nxa4 24. Rfd2 Qb6 25. Qxb6 Nxb6 26. Rxd6 Na4 27. R1d2 Nc5 28. Bg2 Kg8 29. g4 Kf7 30. g5 Ke7 31. Rd1 a4 32. Bf3 a3 33. bxa3 Rxa3 34. Kg2 Ra2+ 35. Kg3 Ra3 36. Kg4 Rc3 37. f6+ gxf6 38. gxf6+ Rxf6 39. Rxf6 Kxf6 40. Rd6+ Kg7 41. Bg2 Rxc4 42. Kf5 Rc2 43. Bh1 Rh2 44. Bf3 Rxh3 45. Bg4 Rd3 46. Kxe5 Rxd6 47. Kxd6 Nxe4+ 48. Kc7 b5 49. Kxc6 b4 50. Bf5 Nc3 51. Kc5 b3 52. Kc4 Ne2 53. Bxh7 Kxh7 54. Kxb3 1/2-1/2


[Site "https://www.chess.com"]

[Event "Titled Tuesday Blitz March 08 Early 2022"]
[White "De Souza, Cristiano Gomes"]
[Black "Berezin, Viktor"]
[WhiteFideId "2151758"]
[BlackFideId "14107872"]
[WhiteElo "2068"]
[BlackElo "2310"]
[Result "0-1"]
[Round "10"]
[TimeControl "180+1"]
[Date "2022.03.09"]
[WhiteClock "0:01:34"]
[BlackClock "0:01:59"]

1. d4 Nf6 2. c4 e6 3. Nf3 Bb4+ 4. Bd2 Bxd2+ 5. Nbxd2 O-O 6. e4 d5 7. cxd5 exd5 8. e5 Ne4 9. Bd3 Nxd2 10. Qxd2 c5 11. dxc5 Nc6 12. O-O Qe7 13. Rac1 Bg4 14. Qf4 Bxf3 15. Qxf3 Nxe5 16. Qe3 Rfe8 17. Be2 Rad8 18. Qd4 Nc6 0-1


[Site "https://www.chess.com"]

[Event "Titled Tuesday Blitz March 08 Early 2022"]
[White "Decuigniere, Tom"]
[Black "Lauridsen, Jesper Morch"]
[WhiteFideId "26093820"]
[BlackFideId "1401890"]
[WhiteElo "1997"]
[BlackElo "2257"]
[Result "1/2-1/2"]
[Round "10"]
[TimeControl "180+1"]
[Date "2022.03.09"]
[WhiteClock "0:00:19"]
[BlackClock "0:01:04"]

1. c4 g6 2. g3 Bg7 3. Bg2 d6 4. Nc3 c5 5. d3 Nc6 6. Bf4 Nf6 7. Qd2 h6 8. e4 e5 9. Be3 Ng4 10. Nd5 Be6 11. Ne2 Bxd5 12. exd5 Nxe3 13. fxe3 Ne7 14. O-O O-O 15. Rab1 a5 16. a3 Nf5 17. Be4 Qg5 18. Bxf5 gxf5 19. Rbd1 h5 20. e4 Qxd2 21. Rxd2 Bh6 22. Rc2 Be3+ 23. Kg2 fxe4 24. dxe4 Kg7 25. Rf5 Kg6 26. a4 f6 27. b3 Rf7 28. Kf3 Bd4 29. Nc1 Rh8 30. Rg2 Rg7 31. Nd3 Kf7 32. Ne1 Rg5 33. h3 Kg6 34. Rxg5+ fxg5 35. Ke2 g4 36. h4 Rf8 37. Rh2 b6 38. Rg2 Rf7 39. Rh2 Bc3 40. Rf2 Bxe1 41. Kxe1 Rxf2 42. Kxf2 Kf6 43. Ke2 1/2-1/2


[Site "https://www.chess.com"]

[Event "Titled Tuesday Blitz March 08 Early 2022"]
[White "Dejmek, Mark"]
[Black "Kamara, Ansumana"]
[WhiteFideId "2017628"]
[BlackFideId "1622218"]
[WhiteElo "2237"]
[BlackElo "1935"]
[Result "0-1"]
[Round "10"]
[TimeControl "180+1"]
[Date "2022.03.09"]
[WhiteClock "0:00:05"]
[BlackClock "0:00:42"]

1. Nf3 Nf6 2. g3 g6 3. b4 Bg7 4. Bb2 c6 5. Bg2 O-O 6. O-O d6 7. c4 e5 8. d3 h6 9. a4 Be6 10. b5 Qc7 11. Nbd2 Nbd7 12. Ne1 Ne8 13. Nc2 f5 14. bxc6 bxc6 15. Nb4 Nb8 16. a5 Nf6 17. Qa4 d5 18. cxd5 cxd5 19. f4 e4 20. Be5 Qd7 21. Rfc1 Qxa4 22. Rxa4 Nbd7 23. Nc6 Ng4 24. Bxg7 Kxg7 25. dxe4 dxe4 26. Nf1 Rfc8 27. Raa1 Rc7 28. Nd4 Rxc1 29. Nxe6+ Kf6 30. Rxc1 Kxe6 31. Rc6+ Kf7 32. Rc7 Ke7 33. h3 Nf6 34. Ne3 Kd6 35. Rc2 Nc5 36. g4 fxg4 37. hxg4 Rb8 38. g5 hxg5 39. fxg5 Rb1+ 40. Kf2 Nfd7 41. Nc4+ Kd5 42. Nd2 Ra1 43. Ke3 Rxa5 44. Nxe4 Ra3+ 45. Nc3+ Kc4 46. Kd2 Nb3+ 47. Ke3 Nd4 0-1


[Site "https://www.chess.com"]

[Event "Titled Tuesday Blitz March 08 Early 2022"]
[White "Demin, Vladimir"]
[Black "Janturin, Artur"]
[WhiteFideId "4167457"]
[BlackFideId "4130022"]
[WhiteElo "2508"]
[BlackElo "2338"]
[Result "0-1"]
[Round "10"]
[TimeControl "180+1"]
[Date "2022.03.09"]
[WhiteClock "0:00:16"]
[BlackClock "0:00:21"]

1. d4 e6 2. e4 d5 3. Bd3 Nf6 4. e5 Nfd7 5. c3 b6 6. f4 Ba6 7. Bc2 c5 8. Ne2 Nc6 9. a3 Rc8 10. Be3 Qc7 11. O-O cxd4 12. cxd4 Bxe2 13. Qxe2 Nxd4 14. Bxd4 Qxc2 15. Nd2 Bc5 16. Bxc5 Qxc5+ 17. Kh1 O-O 18. f5 exf5 19. Rxf5 Rce8 20. Raf1 Qd4 21. Nf3 Qe4 22. Qxe4 dxe4 23. Ng5 Nxe5 24. Nxe4 f6 25. Nc3 Rd8 26. R5f2 Rd7 27. h3 Rfd8 28. Kh2 a6 29. Kg3 b5 30. Kf4 Kf7 31. Re2 Rd2 32. Ke4 Rxe2+ 33. Nxe2 Nc4 34. b3 Nd2+ 0-1


[Site "https://www.chess.com"]

[Event "Titled Tuesday Blitz March 08 Early 2022"]
[White "Donchenko, Alexander"]
[Black "Chigaev, Maksim"]
[WhiteFideId "24603295"]
[BlackFideId "4108116"]
[WhiteElo "2539"]
[BlackElo "2502"]
[Result "0-1"]
[Round "10"]
[TimeControl "180+1"]
[Date "2022.03.08"]
[WhiteClock "0:00:22"]
[BlackClock "0:00:14"]

1. e4 e5 2. Nf3 Nc6 3. Bb5 a6 4. Ba4 Nf6 5. O-O Be7 6. d3 d6 7. c3 O-O 8. Re1 Re8 9. Nbd2 Bf8 10. Nf1 h6 11. Ng3 b5 12. Bc2 Ne7 13. d4 Ng6 14. Nf5 Bb7 15. dxe5 dxe5 16. Qxd8 Raxd8 17. h3 a5 18. Ng3 Nf4 19. Be3 Nd3 20. Red1 Nxb2 21. Rxd8 Rxd8 22. Nxe5 Bd6 23. f4 Bxe5 24. fxe5 Nd7 25. Rb1 Nc4 26. Bc1 Bc6 27. Nf5 Ndxe5 28. Ne7+ Kh7 29. Nxc6 Nxc6 30. Rxb5 N6e5 31. Rc5 c6 32. Bb3 f6 33. Kh2 Nd2 34. Bxd2 Rxd2 35. Rxa5 h5 36. a4 h4 37. Ra8 g5 38. a5 Rb2 39. Be6 Nf3+ 0-1


[Site "https://www.chess.com"]

[Event "Titled Tuesday Blitz March 08 Early 2022"]
[White "Einarsson, Halldor Gretar"]
[Black "Iskusnyh, Sergei"]
[WhiteFideId "2300150"]
[BlackFideId "4120027"]
[WhiteElo "2114"]
[BlackElo "2492"]
[Result "0-1"]
[Round "10"]
[TimeControl "180+1"]
[Date "2022.03.09"]
[WhiteClock "0:00:26"]
[BlackClock "0:00:15"]

1. d4 Nf6 2. c4 g6 3. f3 c5 4. d5 b5 5. cxb5 a6 6. bxa6 Bxa6 7. Nc3 Bg7 8. g3 O-O 9. Nh3 d6 10. Bg2 Nbd7 11. O-O Nb6 12. Re1 Qb8 13. e4 Nfd7 14. Qc2 Ne5 15. Bg5 h6 16. Be3 Bd3 17. Qc1 Kh7 18. Nf4 Nbc4 19. b3 Nxe3 20. Rxe3 Ba6 21. Qc2 Qb4 22. Rc1 c4 23. Nce2 Nd3 24. Nxd3 cxd3 25. Rxd3 Bxd3 26. Qxd3 Rxa2 27. h4 Qd2 28. Qxd2 Rxd2 29. Bf1 Ra8 30. Rc7 Bf6 31. f4 Kg7 32. Kf2 Raa2 33. Ke3 Rdb2 34. Rb7 Ra3 35. Nc1 Rc2 36. Ne2 g5 37. hxg5 hxg5 38. Bh3 Raa2 39. Bf1 g4 40. Rb8 Rcb2 41. Rb7 Ra3 42. Nc1 Rc2 43. Ne2 Ra1 44. Bg2 Re1 45. e5 Rexe2+ 46. Kd3 dxe5 47. fxe5 Rcd2+ 48. Kc4 Rxe5 0-1


[Site "https://www.chess.com"]

[Event "Titled Tuesday Blitz March 08 Early 2022"]
[White "Estrada Nieto, Julian"]
[Black "Hernandez Jimenez, Alexander Andres"]
[WhiteFideId "5101018"]
[BlackFideId "3900452"]
[WhiteElo "2246"]
[BlackElo "2082"]
[Result "1/2-1/2"]
[Round "10"]
[TimeControl "180+1"]
[Date "2022.03.09"]
[WhiteClock "0:00:11"]
[BlackClock "0:00:03"]

1. e4 c5 2. Nf3 d6 3. d4 cxd4 4. Qxd4 Nc6 5. Bb5 Bd7 6. Bxc6 Bxc6 7. Nc3 e6 8. Bg5 Nf6 9. O-O-O Be7 10. Rhe1 Qb6 11. Qd2 O-O 12. Nd4 Rac8 13. Kb1 h6 14. Bh4 Rfe8 15. f3 d5 16. e5 Nd7 17. Bxe7 Rxe7 18. f4 Nc5 19. f5 exf5 20. Nxf5 Re6 21. Nd6 Rc7 22. Nxd5 Bxd5 23. Qxd5 Na4 24. Qb3 Qc6 25. Rf1 Nc5 26. Qd5 Qxd5 27. Rxd5 b6 28. Nb5 Rce7 29. a3 Rxe5 30. Rxe5 Rxe5 31. Nxa7 Re2 32. Rg1 f5 33. Nc8 Re6 34. Rd1 Kf7 35. Nd6+ Kf6 36. Nc4 f4 37. Rd4 g5 38. h4 Kf5 39. hxg5 hxg5 40. b4 Ne4 41. Kb2 Kg4 42. a4 Kg3 43. Nd2 Nxd2 44. Rxd2 g4 45. Kb3 f3 46. gxf3 gxf3 47. Kc4 f2 48. Rxf2 Kxf2 49. Kb5 Ke3 50. a5 bxa5 51. bxa5 Kd4 52. a6 Re5+ 53. Kb6 Kc4 54. a7 Re6+ 55. Kb7 Re7+ 56. Kb6 Rxa7 57. Kxa7 Kc3 58. Kb6 Kxc2 1/2-1/2


[Site "https://www.chess.com"]

[Event "Titled Tuesday Blitz March 08 Early 2022"]
[White "Fathy, Elameir"]
[Black "Budrewicz, Krzysztof"]
[WhiteFideId "10600396"]
[BlackFideId "1127950"]
[WhiteElo "2311"]
[BlackElo "2248"]
[Result "1-0"]
[Round "10"]
[TimeControl "180+1"]
[Date "2022.03.09"]
[WhiteClock "0:00:07"]
[BlackClock "0:00:15"]

1. d4 Nf6 2. c4 g6 3. Nc3 Bg7 4. e4 O-O 5. Nf3 d6 6. Be2 e5 7. d5 a5 8. Bg5 h6 9. Be3 Na6 10. Nd2 Nc5 11. a3 Bd7 12. b4 axb4 13. axb4 Rxa1 14. Qxa1 Na6 15. Qa3 Ng4 16. Bxg4 Bxg4 17. O-O Bd7 18. c5 f5 19. f3 f4 20. Bf2 g5 21. c6 Bc8 22. cxb7 Bxb7 23. Nb3 h5 24. b5 Nb8 25. Qa7 Qc8 26. Na5 Ba6 27. bxa6 Nxa6 28. Nc6 Kh7 29. Ne7 Qd7 30. Nf5 Nb4 31. Rd1 g4 32. Qb7 Nc2 33. Qb3 Ne3 34. Nxg7 Qxg7 35. Bxe3 fxe3 36. fxg4 Qxg4 37. Qc4 Rf2 38. Qxc7+ Kh8 39. Qd8+ Kg7 40. Qe7+ Kg8 41. Qe6+ Kg7 42. Qxg4+ hxg4 43. Re1 Rc2 44. Rxe3 Kf6 45. h3 Kg5 46. hxg4 Kxg4 47. Kh2 Kf4 48. Rf3+ Kg4 49. Nb5 Re2 50. Nxd6 Re1 51. Rg3+ Kf4 52. Ra3 Rb1 53. Rf3+ Kg4 54. Nf5 Rb4 55. Ne3+ Kg5 56. Rf5+ Kh4 57. Rxe5 Rb6 58. g3# 1-0


[Site "https://www.chess.com"]

[Event "Titled Tuesday Blitz March 08 Early 2022"]
[White "Fedoseev, Vladimir"]
[Black "Nakamura, Hikaru"]
[WhiteFideId "24130737"]
[BlackFideId "2016192"]
[WhiteElo "2726"]
[BlackElo "2850"]
[Result "1/2-1/2"]
[Round "10"]
[TimeControl "180+1"]
[Date "2022.03.08"]
[WhiteClock "0:00:10"]
[BlackClock "0:00:12"]

1. e4 c5 2. Nf3 e6 3. d4 cxd4 4. Nxd4 a6 5. c4 Nc6 6. Nc3 Qc7 7. a3 Nf6 8. Be2 Bc5 9. Be3 Nxd4 10. Bxd4 d6 11. Bxf6 gxf6 12. b4 Ba7 13. Qd3 Bd7 14. Rd1 Ke7 15. O-O Rhg8 16. Kh1 Bc6 17. f4 Rad8 18. f5 Rdf8 19. Qh3 h5 20. Qh4 Be3 21. Rd3 Bg5 22. Qf2 h4 23. c5 Rd8 24. Rfd1 d5 25. exd5 exd5 26. Bf3 Qf4 27. Qe2+ Kf8 28. Bxd5 Kg7 29. Bxc6 Rxd3 30. Qxd3 bxc6 31. Ne2 Qe5 32. Nd4 h3 33. gxh3 Rd8 34. Kg2 Be3 35. Re1 Rxd4 36. Qxe3 Qd5+ 37. Kg1 Rd3 38. Qf2 Rxa3 39. Qg2+ Qxg2+ 40. Kxg2 Ra4 41. Rb1 a5 42. bxa5 Rxa5 43. Rc1 Kh6 44. h4 Ra4 45. Kg3 Kh5 46. Rd1 Rg4+ 47. Kf3 Rc4 48. Rd6 Rxc5 49. Rxf6 Kxh4 50. Kf4 Rc4+ 51. Ke5 Rc5+ 52. Kf4 Rc4+ 53. Ke5 Rc5+ 54. Kd4 Ra5 55. Rxf7 Kg5 56. f6 Kg6 57. Rf8 Rh5 58. f7 Rxh2 59. Rc8 Kxf7 60. Rxc6 Rh4+ 61. Kc5 Rh5+ 62. Kb6 Rg5 63. Rc7+ Kg6 64. Rc5 Kh5 65. Rxg5+ Kxg5 1/2-1/2


[Site "https://www.chess.com"]

[Event "Titled Tuesday Blitz March 08 Early 2022"]
[White "Flis, Pawel"]
[Black "Rosenberg, Evan S"]
[WhiteFideId "1112864"]
[BlackFideId "2019299"]
[WhiteElo "1735"]
[BlackElo "2236"]
[Result "1-0"]
[Round "10"]
[TimeControl "180+1"]
[Date "2022.03.09"]
[WhiteClock "0:00:13"]
[BlackClock "0:00:12"]

1. e4 e5 2. d4 exd4 3. Nf3 Nc6 4. Bc4 Nf6 5. O-O Nxe4 6. Re1 d5 7. Bxd5 Qxd5 8. Nc3 Qh5 9. Nxe4 Be6 10. Neg5 Bd6 11. Nxe6 fxe6 12. Rxe6+ Kd8 13. Bg5+ Kc8 14. h3 Rf8 15. Bd2 g6 16. Qe2 Kd7 17. Re1 Rad8 18. Bg5 Rxf3 19. Bxd8 Nxd8 20. Rxd6+ cxd6 21. Qxf3 Qxf3 22. gxf3 Ne6 23. Kg2 Nf4+ 24. Kg3 g5 25. h4 h6 26. hxg5 hxg5 27. Kg4 Kc6 28. Kxg5 Nh3+ 29. Kg6 Nxf2 30. f4 d3 31. cxd3 Nxd3 32. Rf1 d5 33. f5 Ne5+ 34. Kg7 d4 35. f6 d3 36. Rd1 Kc5 37. Rxd3 Nxd3 38. f7 Nxb2 39. f8=Q+ Kc4 40. Qa3 Nd3 41. Qxa7 b5 42. Qf7+ Kc3 43. Qb3+ Kd4 44. Qxb5 Ne5 45. a4 Nc4 46. a5 Nd6 47. Qb6+ Kd5 48. a6 Nf5+ 49. Kg6 Ne7+ 50. Kg5 Nc6 51. Qb7 Kd6 52. a7 Nxa7 53. Qxa7 Kc6 54. Qe7 Kd5 55. Kf5 Kc6 56. Qe4+ Kd6 57. Kf6 Kd7 58. Qd5+ Kc7 59. Ke6 Kb6 60. Kd6 Ka6 61. Qb3 Ka5 62. Kc5 Ka6 63. Qb6# 1-0


[Site "https://www.chess.com"]

[Event "Titled Tuesday Blitz March 08 Early 2022"]
[White "Gabrielian, Artur"]
[Black "Bodnaruk, Anastasia"]
[WhiteFideId "4131002"]
[BlackFideId "4181751"]
[WhiteElo "2440"]
[BlackElo "2393"]
[Result "0-1"]
[Round "10"]
[TimeControl "180+1"]
[Date "2022.03.09"]
[WhiteClock "0:00:06"]
[BlackClock "0:00:05"]

1. e4 c5 2. Nc3 d6 3. Nf3 e5 4. Bc4 Be7 5. d3 Nf6 6. Nd2 Nc6 7. Nf1 h6 8. Ne3 Be6 9. O-O O-O 10. Ncd5 Na5 11. Nxf6+ Bxf6 12. Bd5 Nc6 13. c3 Bg5 14. Bxe6 fxe6 15. a4 a6 16. Qb3 Qe7 17. Nc4 Bxc1 18. Raxc1 Rf7 19. Rce1 Rb8 20. a5 Qc7 21. Qa3 Rbf8 22. Re3 d5 23. Nb6 Qd6 24. Ree1 Kh7 25. Qa2 Rd8 26. h3 Na7 27. Qb3 Nc6 28. Qa3 Na7 29. exd5 exd5 30. c4 d4 31. Nd5 Nc6 32. Rb1 Nb4 33. Nxb4 cxb4 34. Qb3 Qc5 35. Ra1 e4 36. dxe4 d3 37. Rad1 Rfd7 38. Rd2 Rd4 39. Re1 Qxc4 40. Qxc4 Rxc4 41. e5 Rc2 42. Red1 Rxd2 43. Rxd2 Kg6 44. f4 Kf5 45. g3 g5 46. fxg5 hxg5 47. Kf2 Kxe5 48. Ke3 Rd5 49. Rxd3 Rxa5 50. Rd7 Ra2 51. Rxb7 Rxb2 52. Rg7 Rb3+ 53. Kf2 Kf6 54. Ra7 Ra3 55. h4 gxh4 56. gxh4 a5 57. Rb7 b3 58. Ke3 a4 59. Kf4 Ra1 60. Rb6+ Kg7 61. Kg5 Rg1+ 62. Kh5 Rd1 63. Rb4 Ra1 64. Rb7+ Kf6 65. Rb6+ Ke5 66. Kh6 Kd4 67. h5 Kc3 68. Kh7 b2 69. Rc6+ Kd4 70. Rd6+ Kc5 0-1


[Site "https://www.chess.com"]

[Event "Titled Tuesday Blitz March 08 Early 2022"]
[White "Gaehwiler, Gabriel"]
[Black "Goltseva, Ekaterina"]
[WhiteFideId "1314530"]
[BlackFideId "24173770"]
[WhiteElo "2383"]
[BlackElo "2140"]
[Result "1-0"]
[Round "10"]
[TimeControl "180+1"]
[Date "2022.03.08"]
[WhiteClock "0:00:15"]
[BlackClock "0:00:01"]

1. Nf3 Nf6 2. c4 e6 3. g3 d5 4. d3 dxc4 5. dxc4 Qxd1+ 6. Kxd1 Bc5 7. e3 Nc6 8. Ke2 e5 9. h3 Be6 10. b3 Nb4 11. Ne1 e4 12. Bb2 O-O-O 13. Bg2 Bf5 14. Nc3 Nd3 15. Nxd3 exd3+ 16. Kd2 Rhe8 17. Rhe1 Ne4+ 18. Nxe4 Bxe4 19. Bxe4 Bb4+ 20. Bc3 Bxc3+ 21. Kxc3 Rxe4 22. Rad1 Re6 23. Rxd3 Ra6 24. Rxd8+ Kxd8 25. Rd1+ Ke7 26. Rd2 g5 27. a4 Rh6 28. Rd5 f6 29. c5 Rxh3 30. b4 Rh2 31. Rd2 h5 32. b5 h4 33. gxh4 gxh4 34. c6 bxc6 35. bxc6 h3 36. Rd7+ Ke6 37. Rxc7 Kd6 38. Rxa7 Kxc6 39. f4 Re2 40. Kd3 Ra2 41. Rh7 h2 42. Ke4 Kd6 43. Kf5 1-0


[Site "https://www.chess.com"]

[Event "Titled Tuesday Blitz March 08 Early 2022"]
[White "Garriga Cazorla, Pere"]
[Black "Demchenko, Anton"]
[WhiteFideId "32011601"]
[BlackFideId "4160258"]
[WhiteElo "2458"]
[BlackElo "2539"]
[Result "1-0"]
[Round "10"]
[TimeControl "180+1"]
[Date "2022.03.08"]
[WhiteClock "0:00:30"]
[BlackClock "0:00:03"]

1. d4 Nf6 2. c3 g6 3. Nf3 Bg7 4. Bf4 d6 5. Nbd2 O-O 6. h3 Nc6 7. e3 b6 8. Bh2 Bb7 9. Be2 Re8 10. O-O e5 11. a4 e4 12. Ne1 a6 13. b4 Ne7 14. Nc2 Nf5 15. c4 h5 16. a5 Nh7 17. axb6 cxb6 18. Nb3 Ng5 19. c5 Bd5 20. Ra3 b5 21. cxd6 Nxd6 22. Nc5 Nc4 23. Rxa6 Rxa6 24. Nxa6 Re7 25. Nc5 Ra7 26. Na1 Ra2 27. Nab3 Nf3+ 28. gxf3 Qg5+ 29. Bg3 exf3 30. Bxf3 Nxe3 31. Qc1 Bxf3 32. Qxe3 Qxe3 33. fxe3 Rg2+ 34. Kh1 Rxg3+ 35. Kh2 Rg2+ 36. Kh1 Rg3+ 37. Kh2 h4 38. Rf2 Bh6 39. Nd2 Bd5 40. e4 Be3 41. Re2 Bf4 42. Rf2 Be3 43. Re2 Bf4 44. Rf2 Rf3+ 45. Kg2 Rxf2+ 46. Kxf2 Bxd2 47. exd5 Bxb4 48. d6 Kf8 49. Ke3 Ke8 50. Ke4 Kd8 51. Kd5 Bc3 52. Kc6 Bxd4 53. Nb7+ Ke8 54. d7+ 1-0


[Site "https://www.chess.com"]

[Event "Titled Tuesday Blitz March 08 Early 2022"]
[White "Golubka, Petro"]
[Black "Vokhidov, Shamsiddin"]
[WhiteFideId "14114224"]
[BlackFideId "14204223"]
[WhiteElo "2346"]
[BlackElo "2611"]
[Result "0-1"]
[Round "10"]
[TimeControl "180+1"]
[Date "2022.03.08"]
[WhiteClock "0:01:13"]
[BlackClock "0:02:05"]

1. e4 c5 2. h4 Nc6 3. Bb5 Nf6 4. Nc3 Nd4 5. a4 a6 6. Bc4 e6 7. e5 d5 8. exd6 Bxd6 9. d3 Bd7 10. Bg5 b5 11. Ba2 h6 12. Be3 Bc6 13. Nf3 Nxf3+ 14. gxf3 Nd5 15. Bxd5 exd5 16. axb5 axb5 17. d4 Rxa1 18. Qxa1 O-O 19. dxc5 Be5 20. Qa6 Qd7 21. O-O Ra8 22. Qb6 Bc7 0-1


[Site "https://www.chess.com"]

[Event "Titled Tuesday Blitz March 08 Early 2022"]
[White "Goryachkina, Aleksandra"]
[Black "Bryakin, Mikhail"]
[WhiteFideId "4147103"]
[BlackFideId "4165314"]
[WhiteElo "2426"]
[BlackElo "2417"]
[Result "0-1"]
[Round "10"]
[TimeControl "180+1"]
[Date "2022.03.08"]
[WhiteClock "0:00:01"]
[BlackClock "0:00:47"]

1. e4 c5 2. Nf3 Nc6 3. Nc3 d6 4. Bb5 Bd7 5. O-O g6 6. d4 cxd4 7. Nxd4 Bg7 8. Be3 Nf6 9. h3 O-O 10. Bc4 a6 11. Bb3 b5 12. a3 Rc8 13. Qd2 Na5 14. Rad1 Nc4 15. Bxc4 Rxc4 16. f3 Qa8 17. Nb3 a5 18. Bh6 b4 19. axb4 axb4 20. Bxg7 Kxg7 21. Nd5 Nxd5 22. exd5 Rfc8 23. Rc1 Bf5 24. c3 bxc3 25. bxc3 Qb7 26. Nd4 Qxd5 27. Qe3 R8c7 28. Rfe1 h6 29. Kh1 Bc8 30. Qd3 Qg5 31. Rc2 Bf5 32. Nxf5+ Qxf5 33. Qd2 h5 34. Re3 h4 35. Rc1 Qf6 36. Qe1 e6 37. Qd2 d5 38. Rb1 Rxc3 39. Rxc3 Qxc3 40. Qg5 Qf6 41. Qg4 Rc4 0-1


[Site "https://www.chess.com"]

[Event "Titled Tuesday Blitz March 08 Early 2022"]
[White "Grafil, Franz Robert"]
[Black "Urbina Quiroz, Edwin"]
[WhiteFideId "5205298"]
[BlackFideId "6500650"]
[WhiteElo "2211"]
[BlackElo "2152"]
[Result "1-0"]
[Round "10"]
[TimeControl "180+1"]
[Date "2022.03.09"]
[WhiteClock "0:00:05"]
[BlackClock "0:00:02"]

1. d4 d5 2. c4 e6 3. Nf3 Nf6 4. g3 Be7 5. Bg2 O-O 6. O-O dxc4 7. Qa4 a6 8. Qxc4 b5 9. Qc2 Bb7 10. Bd2 Nbd7 11. Ba5 Rc8 12. Nbd2 Qe8 13. b4 Nb6 14. Rac1 Bd6 15. Ne5 Bxg2 16. Kxg2 Bxe5 17. dxe5 Nfd7 18. f4 f6 19. exf6 Nxf6 20. Nf3 Nfd5 21. Qc5 Nc4 22. Rxc4 bxc4 23. e4 Nf6 24. Qxc4 c5 25. bxc5 Qc6 26. Ng5 Qxc5 27. Qxe6+ Kh8 28. Be1 h6 29. Nf7+ Kh7 30. Ne5 Qc2+ 31. Kg1 Qxe4 32. Bf2 Rc2 33. Qxa6 Nd5 34. Re1 Qf5 35. Qd6 Nxf4 36. gxf4 Rxf2 37. Kxf2 Qxf4+ 38. Ke2 Qf2+ 39. Kd1 Rc8 40. Qd3+ Kh8 41. Re2 Qf1+ 42. Re1 Qf2 43. Qd2 Qf6 44. Qd4 Rd8 45. Nd7 1-0


[Site "https://www.chess.com"]